 Dungeon Crawl Stone Soup version 0.27-a0-1144-g0b7d3b79db (webtiles) character file.

Game seed: 17627524523097815862

316 Azzok the Firebug (level 6, -2/36 HPs)
             Began as an Octopode Fire Elementalist on May 10, 2021.
             Slain by Sigmund
             ... wielding a +2 scythe of flaming
              (4 damage)
             ... on level 3 of the Dungeon.
             The game lasted 00:06:48 (5438 turns).

Azzok the Firebug (Octopode Fire Elementalist)      Turns: 5438, Time: 00:06:48

Health: -2/36      AC:  1    Str:  7    XL:     6   Next: 44%
Magic:  10/11      EV: 13    Int: 20    God:
Gold:   98         SH:  0    Dex: 12    Spells: 2/12 levels left

rFire    . . .     SeeInvis .   j - +7 dagger (drain)
rCold    . . .     Faith    .   (no shield)
rNeg     . . .     Spirit   .   (helmet restricted)
rPois    .         Reflect  .   (no amulet)
rElec    .         Harm     .   (no ring)
rCorr    .         Rampage  .   (no ring)
Will     .....                  (no ring)
Stlth    +++.......             (no ring)
HPRegen  0.12/turn              (no ring)
MPRegen  0.12/turn              (no ring)
                                (no ring)
                                (no ring)

@: no status effects
A: almost no armour, amphibious, 8 rings, camouflage 1, gelatinous body 1,
(nimble swimmer 1), tentacles
a: no special abilities


You were on level 3 of the Dungeon.
You visited 1 branch of the dungeon, and saw 3 of its levels.

You collected 98 gold pieces.

Inventory:

Hand Weapons
 j - a +7 dagger of draining (weapon)
Scrolls
 a - a scroll of brand weapon
Potions
 d - a potion of brilliance {unknown}
 e - a potion of attraction {unknown}
 g - a potion of curing {unknown}
 k - a potion of mutation {unknown}


   Skills:
 - Level 2.0 Dodging
 - Level 2.6 Stealth
 + Level 3.8 Spellcasting
 + Level 3.6 Conjurations
 + Level 4.6 Fire Magic


You had 2 spell levels left.
You knew the following spells:

 Your Spells              Type           Power      Damage    Failure   Level
a - Foxfire               Conj/Fire      80%        2x1d8     2%          1
b - Sticky Flame          Conj/Fire      20%        2d4       24%         4
c - Fireball              Conj/Fire      10%        3d6       54%         5

Your spell library contained the following spells:

 Spells                   Type           Power      Damage    Failure   Level
 Conjure Flame            Conj/Fire      20%        6-21      7%          3
 Inner Flame              Hex/Fire       13%        N/A       16%         3


Dungeon Overview and Level Annotations

Branches:
Dungeon (3/15)

Altars:

Shops:
D:1 *

Annotations:
D:3 1 runed translucent door, Crazy Yiuf, Sigmund


Innate Abilities, Weirdness & Mutations

You cannot wear most types of armour.
You are amphibious.
You can wear up to eight rings at the same time.
Your skin changes colour to match your surroundings (Stealth+).
Your rubbery body absorbs attacks. (AC +1, EV +1)
((You are camouflaged near water. (Stealth+)))
You have tentacles for arms and can constrict up to eight enemies at once.


Message History

The gnoll is moderately wounded.
The gnoll hits you from afar with a +0 halberd!
The foxfire hits the gnoll.
The gnoll is heavily wounded.
Casting: Foxfire (safe; 2% risk of failure)
Confirm with . or Enter, or press ? or * to list all spells.
You conjure some foxfire!
The gnoll misses you.
Unknown command.
There are no items here.
The foxfire hits the gnoll!
You kill the gnoll!
You climb upwards.
There is a stone staircase leading down here.
You climb downwards.
Level annotation: 1 runed translucent door, Crazy Yiuf, Sigmund Sigmund closely misses you.
There is a stone staircase leading up, spattered with blood here.
Casting: Foxfire (safe; 2% risk of failure)
Confirm with . or Enter, or press ? or * to list all spells.
You conjure some foxfire!
Sigmund misses you.
Unknown command.
The foxfire hits Sigmund.
Sigmund is lightly wounded.
The foxfire hits Sigmund.
Sigmund is moderately wounded.
Sigmund closely misses you.
Sigmund hits you with a +2 scythe of flaming!
Sigmund burns you.
You hit Sigmund. You grab Sigmund.
Sigmund is heavily wounded.
You constrict Sigmund, but do no damage.
Sigmund hits you with a +2 scythe of flaming!
Sigmund burns you.
You barely miss Sigmund.
Sigmund is heavily wounded.
You constrict Sigmund.
Sigmund hits you with a +2 scythe of flaming!
* * * LOW HITPOINT WARNING * * *
Sigmund burns you.
You die...

▒··· ··· ······▒ ▒··▒ ▒·▒
▒·▒·▒·▒ ▒▒▒··▒▒▒▒▒·▒▒▒···[··
▒▒▒▒·^········▒···(·▒·▒
▒▒▒▒▒······················
▒··············▒··········▒
▒·▒▒▒·····>·········(··<···
▒··········@)··············
▒······▒▒▒@▒····▒···g······
▒······)··<▒··▒g▒·▒·····▒·▒
▒▒·▒▒▒▒··▒▒·▒··g···▒········
▒········▒▒·▒··▒·▒·······▒·▒
▒··············▒·▒·▒·▒·▒·▒·▒
▒)·▒▒▒··········g········▒·▒
▒··▒ ▒·)·▒················
▒·▒▒ ▒···▒····▒▒·▒·▒·▒▒▒▒▒
▒·▒▒▒▒···▒··▒·········· ··


You could see Sigmund.

Vanquished Creatures
  A centaur skeleton (D:2)
  2 orc wizards (D:3)
  Robin (D:2)
  11 gnolls
  4 adders (D:2)
  2 orcs (D:3)
  4 bats
  9 endoplasms
  5 giant cockroaches
  13 goblins
  7 hobgoblins
  5 kobolds
  6 quokkas
  4 ball pythons
  6 frilled lizards
  7 rats
87 creatures vanquished.

Vanquished Creatures (others)
  119 foxfires
  3 plants (D:1)
122 creatures vanquished.

Grand Total: 209 creatures vanquished

Notes
Turn   | Place    | Note
-------+----------+-------------------------------------------
     0 | D:1      | Azzok the Octopode Fire Elementalist began the quest for
                  | the Orb.
     0 | D:1      | Reached XP level 1. HP: 11/11 MP: 3/3
   519 | D:1      | Reached XP level 2. HP: 11/17 MP: 5/5
  1385 | D:1      | Found Quphiloa's Assorted Antiques.
  1783 | D:1      | Reached XP level 3. HP: 15/21 MP: 6/6
  2624 | D:2      | Reached XP level 4. HP: 21/27 MP: 2/8
  2890 | D:2      | Learned a level 4 spell: Sticky Flame
  2926 | D:2      | Reached XP level 5. HP: 19/31 MP: 5/9
  3091 | D:2      | Reached skill level 4 in Fire Magic
  3294 | D:2      | Noticed Robin
  3316 | D:2      | Killed Robin
  4029 | D:3      | Reached XP level 6. HP: 32/36 MP: 5/11
  4965 | D:3      | Found a runed translucent door.
  4966 | D:3      | Noticed Crazy Yiuf
  5003 | D:3      | Noticed Sigmund
  5323 | D:2      | Learned a level 5 spell: Fireball
  5438 | D:3      | Slain by Sigmund

Illustrated notes

Levels and vault maps discovered:
D:1:      kilobyte_arrival_exit_the_forest, layout_loops_cross, serial_shops,
          nicolae_shop_statue_plus, serial_bayou_lake_a
D:2:      layout_loops_ring, uniq_robin
D:3:      layout_basic, uniq_sigmund, uniq_grinder, uniq_crazy_yiuf_cottage

Skill      XL: |  1  2  3  4  5 |
---------------+----------------+-----
Conjurations   | 2 3 |  3.6
Spellcasting   | 3 |  3.8
Fire Magic     | 4 |  4.6
Dodging        | |  2.0
Stealth        | |  2.6

Action                   |  1- 3 |  4- 6 || total
-------------------------+-------+-------++-------
Melee: Unarmed           |    14 |       ||    14
       Constrict         |    20 |     9 ||    29
       Short sword       |    11 |       ||    11
       Tentacles         |    13 |     5 ||    18
       Dagger            |    71 |    57 ||   128
 Cast: Foxfire           |    15 |    70 ||    85
  Use: Scroll            |       |     6 ||     6
 Stab: Sleeping          |     8 |     6 ||    14
Armor: Skin              |    12 |     7 ||    19
Dodge: Dodged            |    55 |    44 ||    99

Table legend: (Time is in decaauts)
 A = Elapsed time spent in this place.
 B = Non-inter-level travel time spent in this place.
 C = Inter-level travel time spent in this place.
 D = Time resting spent in this place.
 E = Time spent auto-exploring this place.
 F = Levels seen in this place.
 G = Mean time per level.
                   A        B        C        D        E       F      G
               +--------+--------+--------+--------+--------+-----+--------+
         Total |   5444 |   5398 |     46 |   1554 |   3021 |   3 | 1814.7 |
       Dungeon |   5444 |   5398 |     46 |   1554 |   3021 |   3 | 1814.7 |
               +--------+--------+--------+--------+--------+-----+--------+

Top non-repeatable levels by time:
     D:2: 2322 daAuts
     D:1: 2291 daAuts
     D:3: 829 daAuts
